 Dungeon Crawl Stone Soup version 0.23-a0-338-g8ff0b24 (webtiles) character file.

243 rabbit the Covered (level 6, -5/39 HPs)
             Began as a Gargoyle Fighter on Oct 18, 2018.
             Splashed by Ijyb's acid (16 damage)
             ... on level 3 of the Dungeon.
             The game lasted 00:06:48 (1822 turns).

rabbit the Covered (Gargoyle Fighter)               Turns: 1822, Time: 00:06:49

Health: -5/39      AC:  8    Str: 27    XL:     6   Next: 9%
Magic:  6/6        EV:  7    Int:  8    God:
Gold:   192        SH: 10    Dex:  9    Spells: 5/5 levels left

rFire    . . .     SeeInvis .   a - +0 flail
rCold    + . .     Gourm    .   c - +0 shield
rNeg     + . .     Faith    .   b - +0 scale mail
rPois    ∞         Spirit   .   o - +1 helmet
rElec    +         Reflect  .   x - +1 cloak {+Inv}
rCorr    .         Harm     .   (no gloves)
MR       .....                  (no boots)
Stlth    ..........             (no amulet)
HPRegen  0.13/turn              q - ring of protection from cold
MPRegen  0.10/turn              (no ring)

@: mighty, corroded
A: negative energy resistance 1, electricity resistance, unbreathing,
petrification resistance, rot immunity, AC +4
a: Evoke Invisibility


You were on level 3 of the Dungeon.
You were not hungry.

You visited 1 branch of the dungeon, and saw 3 of its levels.

You collected 192 gold pieces.

Inventory:

Hand Weapons
 a - a +0 flail (weapon)
 y - a +0 mace
Missiles
 j - 10 bolts
 m - 83 stones (quivered)
 n - 53 sling bullets
 r - 2 javelins
Armour
 b - a +0 scale mail (worn)
 c - a +0 shield (worn)
 o - a +1 helmet (worn)
 x - a +1 cloak of invisibility (worn)
Jewellery
 q - a ring of protection from cold (left hand)
Scrolls
 h - 2 scrolls of remove curse
 k - a scroll of fear
 t - a scroll of teleportation
 v - a scroll of enchant weapon {unknown}
 w - a scroll of magic mapping
 z - a scroll of identify
Potions
 d - a potion of might
 e - 2 potions of heal wounds {unknown}
 g - a potion of degeneration {unknown}
 i - 2 potions of curing {unknown}
 l - 2 potions of agility {unknown}
 p - 2 potions of ambrosia {unknown}
 u - a potion of haste {unknown}
 A - a potion of invisibility {unknown}
 B - a potion of berserk rage {unknown}
Comestibles
 f - 6 rations
 s - a chunk of flesh


   Skills:
 + Level 4.4 Fighting
 * Level 4.1 Maces & Flails
 + Level 4.4 Armour
 + Level 4.3 Shields


You had 5 spell levels left.
You didn't know any spells.
Your spell library was empty.

Dungeon Overview and Level Annotations

Branches:
Dungeon (3/15)

Altars:
Qazlal

Annotations:
D:3 Ijyb


Innate Abilities, Weirdness & Mutations

You are resistant to torment.
Your stone body is resilient. (AC +4)
You are immune to poison.
You resist negative energy. (rN+)
You are resistant to electric shocks. (rElec)
You can survive without breathing.
You are immune to petrification.
You are immune to rotting.


Message History

Your shield and scale mail prevent you from hitting Ijyb.
Ijyb is lightly wounded.
You block the kobold's attack.
Ijyb zaps a wand.
The bolt of acid hits you! The acid corrodes you!
You are splashed with acid!
The acid burns!
The kobold hits you but does no damage.
You feel very mighty all of a sudden. Ijyb barely misses you.
You thump Ijyb!
Ijyb is heavily wounded.
The kobold hits you but does no damage. Ijyb hits you but does no damage.
The kobold barely misses you.
You hit Ijyb.
Ijyb is severely wounded.
You block Ijyb's attack. The kobold hits you but does no damage.
You closely miss Ijyb.
Ijyb is severely wounded.
Ijyb zaps a wand.
The bolt of acid hits you!
* * * LOW HITPOINT WARNING * * *
The acid corrodes you!
You are splashed with acid!
The acid burns!
You die...

....# #. ....# ... ....#
# #.# .#.##.# ...
###.<.... #.### ##..$..#
#.##.
#......#########.##.
#..@g...!...........
######..#K..#..#.####.##.
#......###.....# #†##.
#.####..# ..##.# #.##.
#.# #>#.# .# # #.### #.#
#....... ###.### #.##
###...... #.....^ #..#
###.### #....#. ##.# ..
##....#.


You could see Ijyb and a kobold.

Vanquished Creatures
  Crazy Yiuf (D:2)
  An orc wizard (D:3)
  An iguana (D:3)
  A worker ant (D:3)
  8 adders
  An ooze (D:2)
  A worm (D:2)
  2 dart slugs
  2 leopard geckos (D:1)
  5 orcs (D:3)
  3 ball pythons
  3 bats (D:1)
  5 giant cockroaches
  A goblin (D:3)
  A hobgoblin (D:1)
  3 jackals (D:2)
  A quokka (D:3)
  5 frilled lizards (D:2)
  6 kobolds
  4 rats
55 creatures vanquished.

Notes
Turn   | Place    | Note
-------+----------+-------------------------------------------
     0 | D:1      | rabbit the Gargoyle Fighter began the quest for the Orb.
     0 | D:1      | Reached XP level 1. HP: 14/14 MP: 1/1
   115 | D:1      | Reached XP level 2. HP: 19/19 MP: 2/2
   679 | D:2      | Reached XP level 3. HP: 21/23 MP: 3/3
   726 | D:2      | Noticed an earth elemental
   728 | D:2      | Found a stormy altar of Qazlal.
   780 | D:2      | Noticed a water elemental
   781 | D:2      | Noticed an air elemental
   781 | D:2      | Noticed a fire elemental
  1011 | D:2      | Reached XP level 4. HP: 18/29 MP: 4/4
  1204 | D:2      | Found a runed door.
  1348 | D:2      | Noticed Crazy Yiuf
  1358 | D:2      | Killed Crazy Yiuf
  1515 | D:3      | Reached XP level 5. HP: 33/33 MP: 5/5
  1706 | D:3      | Reached XP level 6. HP: 39/39 MP: 6/6
  1809 | D:3      | Noticed Ijyb
  1822 | D:3      | Splashed by Ijyb's acid

Vault maps used:
D:1:      dpeg_arrival_simpleton_c
D:2:      nicolae_qazlal_style_of_elements, uniq_crazy_yiuf_cottage
D:3:      uniq_ijyb

Skill      XL: |  1  2  3  4  5 |
---------------+----------------+-----
Maces & Flails | 3 4 |  4.1
Fighting       | 4 |  4.4
Armour         | 4 |  4.4
Shields        | 4 |  4.3

Action                   |  1- 3 |  4- 6 || total
-------------------------+-------+-------++-------
Melee: Flail             |   112 |   182 ||   294
  Use: Scroll            |     4 |     2 ||     6
       Potion            |       |     1 ||     1
  Eat: Chunk             |       |     4 ||     4
Armor: Scale mail        |    81 |    99 ||   180
Dodge: Dodged            |    36 |    64 ||   100
Block: Shield            |    75 |   108 ||   183

Table legend:
 A = Non-vault XP
 B = Vault XP
 C = Vault XP percentage of total XP
 D = Non-vault monster count
 E = Vault monster count
 F = Vault count percentage of total count
                 A         B        C        D         E       F
            +---------+---------+-------+---------+---------+-------
      Total |     307 |      41 |  11.8 |      54 |       1 |   1.8
            +---------+---------+-------+---------+---------+-------
        D:1 |      24 |       0 |   0.0 |      13 |       0 |   0.0
        D:2 |      89 |      41 |  31.5 |      20 |       1 |   4.8
        D:3 |     194 |       0 |   0.0 |      21 |       0 |   0.0
            +---------+---------+-------+---------+---------+-------
